 Dungeon Crawl Stone Soup version 0.29.0-13-gc9e81de378 (webtiles) character file.

Game seed: 3249992188023779417

6 Ofeo the Firebug (level 2, -1/20 HPs)
             Began as a Meteoran Fire Elementalist on Sept 9, 2022.
             Slain by Crazy Yiuf
             ... wielding a +2 quarterstaff of chaos
              (13 damage)
             ... on level 2 of the Dungeon.
             The game lasted 00:01:15 (182 turns).

Ofeo the Firebug (Meteoran Fire Elementalist)        Turns: 182, Time: 00:01:16

Health: -1/20      AC:  2    Str:  9    XL:     2   Next: 11%
Magic:  5/6        EV: 12    Int: 16    God:
Gold:   27         SH:  0    Dex: 14    Spells: 5/6 levels left

rFire   . . .      SeeInvis .   (no weapon)
rCold   . . .      Faith    .   (no shield)
rNeg    . . .      Spirit   .   a - +0 robe
rPois   .          Reflect  .   (no helmet)
rElec   .          Harm     .   (no cloak)
rCorr   .          Rampage  .   (no gloves)
Will    .....                   (no boots)
Stlth   +.........              (no amulet)
HPRegen 0.06/turn               (no ring)
MPRegen 0.10/turn               (no ring)

@: glowing
A: sense surroundings 1, otherworldly, glowing, explore regen
a: no special abilities


You were on level 2 of the Dungeon.
You visited 1 branch of the dungeon, and saw 2 of its levels.

You collected 27 gold pieces.

Inventory:

Armour
 a - a +0 robe (worn)
Potions
 b - 2 potions of magic
 e - a potion of might {@q4}
 h - a potion of heal wounds {@q2}


   Skills:
 + Level 2.5 Dodging
 + Level 1.5 Stealth
 + Level 2.8 Spellcasting
 + Level 1.4 Conjurations
 + Level 3.7 Fire Magic


You had 5 spell levels left.
You knew the following spells:

 Your Spells              Type           Power      Damage    Failure   Level
a - Foxfire               Conj/Fire      40%        2x1d6     7%          1

Your spell library contained the following spells:

 Spells                   Type           Power      Damage    Failure   Level
 Scorch                   Fire           28%        2d6       6%          2
 Conjure Flame            Conj/Fire      10%        6-21      21%         3
 Inner Flame              Hex/Fire       8%         N/A       26%         3
 Flame Wave               Conj/Fire      10%        2d6       54%         4


Dungeon Overview and Level Annotations

Branches:
Dungeon (2/15) Zot: 1018

Altars:

Annotations:
D:2 Crazy Yiuf


Innate Abilities, Weirdness & Mutations

You passively map a small area around you.
You are easily found by Zot.
You glow in the dark.
You regain HP and MP as you explore.


Message History

You open the door.
There is a stone staircase leading down here.
You climb downwards.
Found a stone staircase leading up.
There is a stone staircase leading up here.
Found an inky potion.
There is a stone staircase leading up here.
You climb upwards.
There is a stone staircase leading down here.
You climb downwards.
There is a stone staircase leading up here.
Found 6 gold pieces.
e - an inky potion
Found a ring mail.
Found a scroll labelled KOMYSK EVODD and a dagger.
You now have 27 gold pieces (gained 6).
You see here a +0 ring mail.
d - 2 scrolls labelled KOMYSK EVODD (gained 1)
As you read the scroll labelled KOMYSK EVODD, it crumbles to dust.
It is a scroll of identify.
c - a potion of heal wounds;
h - a potion of heal wounds
i - a scroll of identify
As you read the scroll of identify {@r1}, it crumbles to dust.
e - a potion of might
Found a hammer.
Found a runed translucent door.
Crazy Yiuf shouts!
You open the door.
You conjure some foxfire!
Crazy Yiuf hits you with a +2 quarterstaff of chaos!
Crazy Yiuf freezes you.
You take 8 damage, and have 12/20 hp.
MASSIVE DAMAGE!!
You now have 5/6 mp.
Your foxfire dissipates!
You aren't carrying any items that you can evoke.
Okay, then.
Crazy Yiuf attacks as you move away!
Crazy Yiuf hits you with a +2 quarterstaff of chaos!
Ouch! That really hurt!
You die...

........# * , ,
.#.....# * * *
.##...######
...........#
...........####
###
####.###......##
###..)# .###.#
##......####.'...#
[....#
##......#g.##...#
.##### ##....#@###
### ## ######## #
#


You could see Crazy Yiuf.

Vanquished Creatures
  3 hobgoblins (D:1)
  A bat (D:1)
  2 rats (D:1)
6 creatures vanquished.

Vanquished Creatures (others)
  8 foxfires (D:1)
8 creatures vanquished.

Grand Total: 14 creatures vanquished

Notes
Turn   | Place    | Note
-------+----------+-------------------------------------------
     0 | D:1      | Ofeo the Meteoran Fire Elementalist began the quest for the
                  | Orb.
     0 | D:1      | Reached XP level 1. HP: 14/14 MP: 5/5
    67 | D:1      | Reached XP level 2. HP: 20/20 MP: 3/6
   173 | D:2      | Found a runed translucent door.
   174 | D:2      | Noticed Crazy Yiuf
   182 | D:2      | Slain by Crazy Yiuf

Illustrated notes

Levels and vault maps discovered:
D:1:      dpeg_arrival_houses_and_road, layout_loops_corners,
          chequers_serial_rivers_micro_b
D:2:      minmay_spotlight, layout_loops_ring,
          hellmonk_ecumenical_altar_lost_god, uniq_crazy_yiuf_cottage,
          uniq_terence

Action                   || total
-------------------------++-------
Melee: Unarmed           ||     1
 Cast: Foxfire           ||     8
  Use: Scroll            ||     2
Armor: Robe              ||     2
Dodge: Dodged            ||     3
